 Dungeon Crawl Stone Soup version 0.30-a0-1043-g60ff8d5f49 (webtiles) character file.

Game seed: 14593304523983214662

1532689 Zeldest the Acrobat (level 21, 116/116 HPs)
             Began as a Felid Enchanter on Apr 10, 2023.
             Was a High Priest of Kikubaaqudgha.
             Escaped with the Orb
             ... and 3 runes!
             The game lasted 05:30:12 (64235 turns).

Zeldest the Acrobat (Felid Enchanter)              Turns: 64235, Time: 05:30:13

Health: 116/116    AC:  3    Str:  4    XL:     21   Next: 88%
Magic:  54/54      EV: 34    Int: 26    God:    Kikubaaqudgha [*****.]
Gold:   5776       SH:  0    Dex: 18    Spells: 1/58 levels left
                                        Lives:  0   Deaths: 7

rFire   + + .      SeeInvis +      - Unarmed
rCold   + . .      Faith    .    (shield unavailable)
rNeg    + + .      Spirit   .    (body armour unavailable)
rPois   +          Reflect  .    (helmet unavailable)
rElec   +          Rampage  .    (cloak unavailable)
rCorr   .          Clarity  +    (gloves unavailable)
Will    ++++.                    (boots unavailable)
Stlth   +                        M - amulet of magic regeneration
HPRegen 0.39/turn                V - ring of Sadinul {rElec rPois rF++ rN+}
MPRegen 0.74/turn                S - ring "Sulegida" {rN+ Will+ MP+9 SInv}

@: studying 2 skills, quick
A: very small, claws 1, fangs 3, see invisible, speed 1, shaggy fur 3, stealthy
paws, no weapons or thrown items, no armour, multi-lived, clarity, robust 1,
screaming 1
0: Orb of Zot
}: 3/15 runes: barnacled, silver, gossamer
a: Renounce Religion, Unearth Wretches, Torment


You escaped.
You worshipped Kikubaaqudgha.
Kikubaaqudgha was extremely pleased with you.
You visited 12 branches of the dungeon, and saw 52 of its levels.
You also visited: Bailey, Gauntlet and Wizlab.

You collected 10103 gold pieces.
You spent 4327 gold pieces at shops.

Inventory:

Jewellery
 m - an amulet of regeneration
 u - a ring of wizardry
 y - a ring of protection from cold
 L - the ring of Creativity {rCorr AC+4}
   (You took it off a deep elf annihilator on level 3 of the Elven Halls)

   [ring of protection]

   AC:        It affects your AC (+4).
   rCorr:     It protects you from acid and corrosion.
 M - an amulet of magic regeneration (around neck)
 S - the ring "Sulegida" (right paw) {rN+ Will+ MP+9 SInv}
   (You took it off a deep elf sorcerer on level 3 of the Elven Halls)

   [ring of see invisible]

   rN:        It protects you from negative energy.
   MP:        It affects your magic capacity (+9).
   SInv:      It lets you see invisible.
   Will:      It increases your willpower.
 T - a ring of poison resistance
 V - the ring of Sadinul (left paw) {rElec rPois rF++ rN+}
   (You found it on level 3 of the Crypt)

   [ring of positive energy]

   rF:        It greatly protects you from fire.
   rElec:     It insulates you from electricity.
   rPois:     It protects you from poison.
   rN:        It protects you from negative energy.
Wands
 f - a wand of light (13)
 h - a wand of digging (11)
 s - a wand of charming (30)
 w - a wand of mindburst (36)
 A - a wand of roots (24)
 D - a wand of flame (87)
 R - a wand of polymorph (17)
Scrolls
 b - 24 scrolls of teleportation
 d - 7 scrolls of poison
 e - a scroll of immolation
 i - 10 scrolls of vulnerability
 p - a scroll of amnesia
 r - 7 scrolls of fog
 B - 2 scrolls of magic mapping
 H - 2 scrolls of torment
 N - a scroll of silence
 O - 11 scrolls of fear
 P - 24 scrolls of identify
Potions
 a - a potion of haste
 g - 8 potions of lignification
 j - 7 potions of berserk rage
 k - 9 potions of mutation
 n - 12 potions of curing
 q - 6 potions of resistance
 v - 5 potions of cancellation
 x - 10 potions of flight
 z - a potion of ambrosia
 C - 7 potions of attraction
 E - 7 potions of might
 F - 3 potions of magic
 G - 10 potions of brilliance
 J - a potion of heal wounds
 Q - 3 potions of invisibility
Miscellaneous
 c - a box of beasts
 l - a condenser vane
 o - a tin of tremorstones (2/2)
 t - a lightning rod (4/4)
 I - a phial of floods
 K - a phantom mirror


   Skills:
 + Level 18.4 Fighting
 + Level 21.6 Dodging
 - Level 6.0 Stealth
 - Level 12.7 Unarmed Combat
 - Level 19.0 Spellcasting
 - Level 11.1 Conjurations
 - Level 6.0 Hexes
 - Level 17.1 Summonings
 + Level 20.3 Necromancy
 - Level 15.0 Transmutations
 - Level 4.0 Fire Magic
 - Level 2.0 Ice Magic
 - Level 5.1 Air Magic
 - Level 5.1 Earth Magic
 - Level 12.0 Evocations


You had one spell level left.
You knew the following spells:

 Your Spells              Type           Power      Damage    Failure   Level
a - Statue Form           Tmut/Erth      44%        N/A       4%          6
b - Spellforged Servitor  Conj/Summ      39%        N/A       4%          7
c - Borgnjor's Revivific  Necr           46%        N/A       2%          8
d - Borgnjor's Vile Clut  Necr/Erth      37%        N/A       1%          5
e - Iron Shot             Conj/Erth      30%        9d6       10%         6
f - Haunt                 Necr/Summ      44%        N/A       1%          7
g - Infestation           Necr           46%        N/A       2%          8
h - Animate Dead          Necr           92%        N/A       0%          4
i - Simulacrum            Ice/Necr       35%        N/A       2%          6

Your spell library contained the following spells:

 Spells                   Type           Power      Damage    Failure   Level
 Kiss of Death            Conj/Necr      100%       2d13      0%          1
 Necrotise                Necr           100%       1d9       0%          1
 Summon Small Mammal      Summ           100%       N/A       0%          1
 Apportation              Tloc           48%        N/A       1%          1
 Foxfire                  Conj/Fire      100%       2x1d9     1%          1
 Freeze                   Ice            100%       1d10      1%          1
 Magic Dart               Conj           100%       1d8       1%          1
 Slow                     Hex            100%       N/A       1%          1
 Sting                    Tmut/Pois      100%       1d8       1%          1
 Call Imp                 Summ           100%       N/A       0%          2
 Sublimation of Blood     Necr           92%        N/A       0%          2
 Vampiric Draining        Necr           92%        2d12      0%          3
 Dispel Undead            Necr           92%        3d29      0%          4
 Agony                    Necr           92%        N/A       0%          5
 Ensorcelled Hibernation  Hex/Ice        90%        N/A       1%          2
 Poisonous Vapours        Pois/Air       76%        N/A       1%          2
 Searing Ray              Conj           100%       2d8       1%          2
 Confusing Touch          Hex            54%        N/A       1%          3
 Dazzling Flash           Conj/Hex       100%       N/A       1%          3
 Hailstorm                Conj/Ice       56%        3d12      1%          3
 Ignite Poison            Fire/Tmut/Pois 55%        N/A       1%          3
 Mephitic Cloud           Conj/Pois/Air  52%        N/A       1%          3
 Spider Form              Tmut/Pois      59%        N/A       1%          3
 Stone Arrow              Conj/Erth      100%       3d13      1%          3
 Tukima's Dance           Hex            54%        N/A       1%          3
 Vhi's Electric Charge    Tloc/Air       76%        N/A       1%          3
 Anguish                  Hex/Necr       37%        N/A       1%          4
 Flame Wave               Conj/Fire      59%        2d14      1%          4
 Fulminant Prism          Conj/Hex       31%        3d15      1%          4
 Ice Form                 Ice/Tmut       62%        N/A       1%          4
 Petrify                  Tmut/Erth      67%        N/A       1%          4
 Sticky Flame             Conj/Fire      59%        2d7       1%          4
 Summon Ice Beast         Ice/Summ       65%        N/A       1%          4
 Arcjolt                  Conj/Air       30%        1d40      1%          5
 Blade Hands              Tmut           40%        N/A       1%          5
 Irradiate                Conj/Tmut      37%        3d24      1%          5
 Iskenderun's Battlesphe  Conj           70%        2d12      1%          5
 Summon Forest            Summ/Tloc      31%        N/A       1%          5
 Summon Mana Viper        Hex/Summ       71%        N/A       1%          5
 Death Channel            Necr           46%        N/A       1%          6
 Summon Cactus Giant      Summ           42%        N/A       1%          6
 Summon Hydra             Summ           42%        N/A       1%          7
 Frozen Ramparts          Ice            70%        1d11      2%          3
 Ozocubu's Armour         Ice            35%        N/A       2%          3
 Volatile Blastmotes      Fire/Tloc      70%        2d15      2%          3
 Airstrike                Air            25%        2d(4-20)  2%          4
 Alistair's Intoxication  Tmut/Pois      39%        N/A       2%          5
 Fireball                 Conj/Fire      29%        3d13      2%          5
 Dragon Form              Tmut           40%        N/A       3%          7
 Freezing Cloud           Conj/Ice/Air   27%        6-21      4%          5
 Gell's Gravitas          Tloc           24%        N/A       5%          3
 Teleport Other           Tloc           24%        N/A       5%          3
 Silence                  Hex/Air        26%        N/A       5%          5
 Necromutation            Tmut/Necr      43%        N/A       9%          8
 Conjure Ball Lightning   Conj/Air       30%        3x3d10    10%         6
 Summon Horrible Things   Summ           42%        N/A       11%         8
 Eringya's Noxious Bog    Tmut/Pois      29%        N/A       13%         6
 Starburst                Conj/Fire      29%        6d9       13%         6
 Orb of Destruction       Conj           35%        9d10      16%         7
 Manifold Assault         Tloc           24%        N/A       19%         4
 Olgreb's Toxic Radiance  Pois           24%        N/A       19%         4
 Plasma Beam              Fire/Air       24%        2x1d39    41%         6
 Death's Door             Necr           46%        N/A       41%         9
 Enfeeble                 Hex            27%        N/A       78%         7
 Dispersal                Tloc           12%        N/A       95%         6
 Lehudib's Crystal Spear  Conj/Erth      30%        10d8      99%         8
 Ozocubu's Refrigeration  Ice            17%        4d11      100%        7
 Discord                  Hex            27%        N/A       100%        8
 Disjunction              Tloc           12%        N/A       100%        8
 Ignition                 Fire           22%        3d8       100%        8
 Fire Storm               Conj/Fire      29%        8d8       100%        9
 Polar Vortex             Ice            17%        N/A       100%        9
 Animate Armour           Summ/Erth      Unusable   N/A       N/A         4

Dungeon Overview and Level Annotations

Branches:
Dungeon (15/15)            Temple (1/1) D:5            Lair (5/5) D:8
 Shoals (4/4) Lair:2       Spider (4/4) Lair:2        Slime (1/5) Lair:5
    Orc (2/2) D:11            Elf (3/3) Orc:2        Vaults (5/5) D:13
  Crypt (3/3) Vaults:2       Tomb (0/3) Crypt:3      Depths (4/4) D:15
    Zot (5/5) Depths:4     Bailey (visited)          WizLab (visited)
Gauntlet (visited)

Altars:
Ashenzari
Cheibriados
Dithmenos
Elyvilon
Fedhas
Gozag
Hepliaklqana
Kikubaaqudgha
Makhleb
Nemelex Xobeh
Okawaru
Qazlal
Ru
Sif Muna
Trog
Uskayaw
Vehumet
Wu Jian
Xom
Yredelemnul
Zin
The Shining One
Jiyva

Shops:
D:2 *   D:7 *   D:14 (   Orc:2 :[[[   Elf:1 (   Elf:2 [   Shoals:1 =
Shoals:3 *   Shoals:4 :!*(!   Vaults:2 :   Vaults:4 :??:   Depths:3 *

Portals:
Hell: Depths:1 Depths:2 Depths:3
Abyss: Depths:3
Pandemonium: Depths:1 Depths:2
Ziggurat: Depths:1

Annotations:
Lair:4 2 transporters
Elf:2 3 runed translucent doors
Elf:3 1 exclusion
Depths:2 1 runed translucent door, Kiwen's ghost, master GrEE; Roffer's ghost, adept DsGl
Zot:5 exclusion: 2 upstairs


Innate Abilities, Weirdness & Mutations

You have sharp claws.
You have razor-sharp teeth.
You have supernaturally acute eyesight. (SInv)
You cover ground quickly. (Speed+)
Your thick and shaggy fur keeps you warm. (AC +3, rC+)
Your paws help you pounce on unaware monsters.
You are incapable of wielding weapons or throwing items.
You cannot wear armour.
You gain extra lives every three experience levels.
You possess an exceptional clarity of mind.
You are robust. (+10% HP)
You occasionally shout uncontrollably at your foes.


Message History

You turn into a living statue of rough stone.
The Orb Guardian barely misses you.
You completely miss the Orb Guardian. You claw the Orb Guardian!
You bite the Orb Guardian, but do no damage.
The Orb Guardian is lightly wounded.
The Orb Guardian completely misses you. The Orb Guardian hits you!!
You mangle the Orb Guardian!!
You bite the Orb Guardian, but do no damage.
The Orb Guardian is heavily wounded.
The Orb Guardian hits you!
Aiming: Borgnjor's Vile Clutch (mildly dangerous; 1% risk of failure)
Press: ? - help, Q - select action, (/) - cycle Shift-Dir - straight line, f - Orb Guardian
Aim: an Orb Guardian (heavily wounded, 100% to hit)
Zombie hands grab the Orb Guardian.
The zombie hands constrict the Orb Guardian!
The Orb Guardian completely misses you. x2
You mangle the Orb Guardian!!
You bite the Orb Guardian, but do no damage.
The Orb Guardian is almost dead.
The zombie hands constrict the Orb Guardian!
You kill the Orb Guardian!
Kikubaaqudgha accepts your kill.
There is a stone staircase leading up here.
You revert to your normal fleshy form.
You start resting.
A frilled lizard comes into view.
A frilled lizard is nearby!
You start resting.
A frilled lizard is nearby!
You climb upwards.
There is a stone staircase leading down here.
You open the door.
There is an open door here.
HP restored.
There is a stone staircase leading up here.
You climb upwards.
There is a stone staircase leading down here.
You see here a +0 dagger.
There is a staircase leading out of the dungeon here.
You have escaped!

# ##..#.#.#...........#.#........
# #...#.##.....#.#.....##........
###.#.#.#......#.#......#........
........#......#.#......#..).....
.##.....#....#.#.#.#....#........
#....>..#...##.#.#.##...#.#......
........#.....⌠#.#⌠.....#........
.#......#..#####.#####..#..#.....
.#...........)..@............####
.#......#..#####.#####..#..###
.##.....#.....⌠#.#⌠.....#..####
.###....#...##.#.#.##...#.....##
........#....#.#.#.#....#......##
....###.#......#.#......#.......#
....# #.#......#.#......#.......#
....# #.##.....#.#.....##.......#
....# #.#.#...÷.......#.#......##


There were no monsters in sight!

Vanquished Creatures
  2 dread liches (Vaults:5)
  An ancient lich (Crypt:3)
  Sojobo (Vaults:5)
  Saint Roka (Depths:1)
  Bai Suzhen (Spider:4)
  2 Killer Klowns (Zot:5)
  3 caustic shrikes (Depths:4)
  A curse toe (Zot:5)
  A bone dragon (Depths:4)
  2 golden dragons
  Arachne (Spider:3)
  Rupert (D:14)
  5 Orb Guardians
  4 tentacled monstrosities
  Asterion (Spider:2)
  2 deep elf blademasters (Elf:3)
  A lich (Crypt:2)
  2 quicksilver dragons
  An acid blob (Spider:1)
  A kraken (Shoals:4)
  4 tengu reavers
  Kirke (D:12)
  4 shadow dragons
  4 storm dragons
  2 draconian knights (WizLab)
  3 deep elf sorcerers
  A daeva (Depths:1)
  2 fire giants
  A frost giant (Depths:2)
  3 vault wardens
  A draconian shifter (Zot:2)
  Aizul (Shoals:1)
  9 ghost moths
  2 angels (Depths:1)
  A curse skull (Crypt:2)
  3 deep elf elementalists (Elf:3)
  6 stone giants
  9 very ugly things
  A caustic shrike skeleton (Crypt:3)
  A draconian stormcaller (Zot:5)
  6 ironbound preservers
  3 broodmothers (Spider:4)
  2 ironbound thunderhulks
  3 vampire knights
  6 deep elf demonologists
  A dire elephant (Vaults:2)
  A black draconian (Depths:4)
  4 spark wasps
  A white draconian (Zot:5)
  2 purple draconians
  3 deep elf annihilators
  A yellow draconian (Zot:5)
  A lorocyproca (Depths:2)
  An eidolon (Vaults:2)
  4 merfolk javelineers
  3 red draconians
  An ettin (Vaults:4)
  7 merfolk impalers
  4 great orbs of eyes
  5 jiangshi
  11 entropy weavers
  5 deep elf death magi
  6 deep elf high priests
  3 fire dragons
  8 vault guards
  10 yaktaur captains
  Harold (D:11)
  4 hydras
  A radroach (Spider:4)
  A catoblepas (Lair:5)
  A spriggan air mage (Depths:2)
  An ogre mage (D:11)
  2 jorogumos
  2 quicksilver dragon skeletons
  A merfolk avatar (Shoals:4)
  Erica (D:9)
  10 ironbound frosthearts
  3 satyrs (Shoals:3)
  3 centaur warriors
  7 boulder beetles
  6 dancing weapons
  3 two-headed ogres
  A two-headed ogre (shapeshifter) (Depths:3)
  A deep troll shaman (WizLab)
  2 merfolk aquamancers
  4 deep troll earth magi
  Urug (Orc:2)
  6 hell hogs (Depths:3)
  4 orc high priests (Orc:2)
  A tengu warrior (D:14)
  8 vampire magi
  Sonja (D:13)
  A hell knight (Vaults:5)
  A titan skeleton (D:15)
  5 skysharks
  8 deep elf knights
  4 iron trolls
  3 pharaoh ants
  A fire crab (shapeshifter) (D:11)
  A storm dragon skeleton (Crypt:3)
  A shadow wraith (Crypt:3)
  13 skeletal warriors
  4 orb spiders
  3 sun moths
  A death drake (shapeshifter) (Vaults:5)
  11 sea snakes
  A glowing orange brain (Depths:2)
  A glowing orange brain (shapeshifter) (Vaults:4)
  10 deep elf archers
  8 ironbound convokers
  10 wizards
  3 steelbarb worms
  4 anaconda skeletons (Crypt:3)
  21 deep trolls
  A phantasmal warrior (Vaults:5)
  13 harpies
  A swamp dragon (Lair:5)
  15 orc knights
  11 lindwurms
  A broodmother zombie (Crypt:3)
  4 nameless horrors
  12 deep elf zephyrmancers
  7 necromancers
  A human zombie (Vaults:4)
  An oklob plant (Spider:1)
  A mana viper (WizLab)
  A harpy (shapeshifter) (Elf:2)
  6 orc sorcerers
  17 deep elf pyromancers
  5 fauns
  24 ugly things
  13 wolf spiders
  6 cyclopes
  A fire giant zombie (D:15)
  7 manticores
  4 moths of wrath
  2 merfolk sirens
  A human skeleton (Vaults:4)
  6 demonic crawlers
  2 stone giant skeletons
  9 elephants
  A naga mage (WizLab)
  A titan simulacrum (Crypt:1)
  5 black mambas
  2 rust devils (Depths:2)
  A frost giant skeleton (D:15)
  4 water nymphs
  2 cane toads
  7 vault sentinels
  A dire elephant skeleton (Crypt:3)
  4 gargoyles
  8 torpor snails
  2 naga skeletons (Crypt:3)
  An efreet (D:11)
  A centaur skeleton (Crypt:3)
  13 yaktaurs
  6 rime drakes
  An ice devil (Depths:2)
  5 komodo dragons
  A sea snake zombie (Crypt:1)
  2 tengu conjurers
  An alligator snapping turtle skeleton (Crypt:3)
  2 yaktaur skeletons
  A yaktaur zombie (Vaults:4)
  2 freezing wraiths
  A troll (D:10)
  2 harpy zombies (Crypt:1)
  23 merfolk
  5 wind drakes
  A harpy skeleton (Crypt:3)
  A meliai (shapeshifter) (D:11)
  2 polar bears
  2 meliai (Spider:4)
  10 tarantellas
  2 hornets (D:10)
  Prince Ribbit (Lair:1)
  7 snapping turtles
  A hydra skeleton (Crypt:3)
  10 blink frogs
  A boulder beetle zombie (Crypt:1)
  A spriggan zombie (D:15)
  A tengu simulacrum (Vaults:4)
  12 dream sheep
  A jumping spider (shapeshifter) (D:11)
  10 culicivoras
  12 jumping spiders
  2 shadows
  8 flying skulls
  28 slime creatures
  2 air elementals
  A wyvern (shapeshifter) (D:14)
  3 fire elementals
  5 hogs (D:12)
  5 wraiths
  A wyvern (Lair:5)
  45 yaks
  15 water elementals
  A yak (shapeshifter) (Elf:2)
  A chaos spawn (Depths:2)
  6 vampire mosquitoes
  27 redbacks
  8 basilisks
  4 steam dragons
  3 wargs
  A yaktaur simulacrum (Vaults:4)
  A faun zombie (Crypt:1)
  10 water moccasins
  10 acid dragons
  A glowing shapeshifter zombie (Vaults:3)
  A human simulacrum (Vaults:3)
  A two-headed ogre skeleton (Crypt:1)
  A swamp drake (Lair:5)
  A black bear (D:5)
  2 ice beasts (D:8)
  27 orc warriors
  An ogre (Orc:2)
  An orc zombie (Orc:2)
  9 centaurs
  12 wolves
  An elephant skeleton (Crypt:1)
  A phantom (D:4)
  7 kobold brigands
  A rime drake skeleton (Crypt:2)
  6 bullfrogs
  An earth elemental (Elf:1)
  An elf skeleton (Crypt:2)
  3 scorpions
  3 wights
  A polar bear zombie (Crypt:2)
  3 killer bees (D:11)
  2 electric eels
  2 howler monkeys
  2 jellies (D:4)
  16 orc priests
  5 hounds
  24 orc wizards
  A sleepcap (D:6)
  9 iguanas
  A boggart skeleton (Crypt:2)
  A sky beast zombie (Crypt:3)
  9 gnolls
  3 adders
  A shadow imp (D:6)
  5 white imps
  A jelly zombie (Crypt:2)
  A lava snake skeleton (Crypt:1)
  3 worms
  4 dart slugs
  75 orcs
  8 ball pythons
  4 bats
  4 endoplasms (D:1)
  4 giant cockroaches
  6 hobgoblins
  2 quokkas
  A gnoll skeleton (Crypt:1)
  11 goblins
  16 kobolds
  4 rats
  A butterfly (Lair:4)
  2 tentacles (Shoals:4)
1238 creatures vanquished.

Vanquished Creatures (collateral kills)
  An ancient lich (Zot:5)
  2 dread liches
  2 orbs of fire (Zot:5)
  A juggernaut (Depths:4)
  The ghost of Osilorir the Intangible, a veteran MfMo of Cheibriados (Depths:2)
  Vv (Zot:3)
  Margery (Vaults:5)
  4 Killer Klowns (Zot:5)
  Head Instructor (WizLab)
  3 caustic shrikes (Depths:4)
  Nikola (Shoals:1)
  3 electric golems (Zot:5)
  2 bone dragons (Crypt:3)
  3 hellephants
  Mlioglotl (Shoals:4)
  3 tentacled monstrosities
  18 Orb Guardians (Zot:5)
  3 titans
  3 quicksilver dragons
  3 liches
  2 deep elf master archers (Elf:3)
  6 ancient champions (Crypt:3)
  An Executioner (D:14)
  2 sphinxes
  3 shadow dragons
  6 tengu reavers
  3 draconian monks
  Donald (Shoals:4)
  A daeva (Depths:1)
  A revenant (Crypt:3)
  2 storm dragons
  5 frost giants
  2 deep elf sorcerers
  6 fire giants
  8 vault wardens
  A ghost moth (Zot:5)
  An iron dragon (Vaults:5)
  A draconian scorcher (Zot:4)
  An emperor scorpion (Spider:3)
  A draconian annihilator (Zot:5)
  A balrug (Depths:1)
  2 orc warlords
  7 ironbound preservers
  2 curse skulls
  A reaper (Crypt:2)
  2 deep elf elementalists (Elf:3)
  4 very ugly things
  An ironbound thunderhulk (Vaults:3)
  2 war gargoyles (Vaults:5)
  2 broodmothers (Spider:4)
  9 stone giants
  2 vampire knights
  A green draconian (Zot:5)
  4 black draconians
  2 deep elf demonologists (Elf:3)
  4 yellow draconians
  A dire elephant (Vaults:4)
  4 spark wasps
  3 white draconians
  3 red draconians
  A purple draconian (Zot:5)
  3 deep elf annihilators (Elf:3)
  2 eidola (Crypt:2)
  A crystal guardian (Vaults:4)
  4 deep elf death magi
  A merfolk javelineer (Shoals:4)
  6 ettins
  4 fire dragons
  6 jiangshi
  2 deep elf high priests (Vaults:5)
  A great orb of eyes (Vaults:3)
  11 yaktaur captains
  3 entropy weavers
  4 ice dragons
  A peacekeeper (Vaults:4)
  17 vault guards (Vaults:5)
  2 ironbound frosthearts
  A spriggan air mage (Depths:2)
  2 hydras
  A spriggan skeleton (Crypt:3)
  A centaur warrior (Shoals:2)
  4 merfolk aquamancers
  2 death knights
  An alligator snapping turtle (Shoals:4)
  4 dancing weapons
  3 radroaches
  3 deep troll shamans
  4 hell hogs (Depths:3)
  A tengu warrior (Depths:2)
  3 vampire magi
  4 deep troll earth magi
  2 spriggan berserkers
  3 deep elf knights
  4 shadow wraiths (Crypt:1)
  14 hell knights
  6 iron trolls
  44 skeletal warriors
  2 pharaoh ants (Spider:4)
  2 salamander mystics (WizLab)
  4 skysharks
  A bunyip zombie (Crypt:1)
  29 deep trolls
  4 sea snakes
  A quicksilver dragon simulacrum (Crypt:1)
  8 deep elf archers
  2 orb spiders (Spider:4)
  A kraken simulacrum (Shoals:4)
  5 spriggan simulacra (Crypt:1)
  6 ironbound convokers
  7 phantasmal warriors
  2 harpies
  An oklob plant (Shoals:2)
  A shadow dragon skeleton (Crypt:3)
  2 lindwurms
  6 wolf spiders
  5 deep elf pyromancers
  3 mana vipers (WizLab)
  3 orc knights (Vaults:2)
  4 necromancers
  5 manticores
  2 human zombies
  An orc sorcerer (Depths:1)
  4 ugly things
  A cyclops (Shoals:2)
  3 fauns (Shoals:3)
  13 deep elf zephyrmancers
  A moth of wrath (shapeshifter) (Depths:4)
  2 moths of wrath
  A dire elephant zombie (Crypt:2)
  3 merfolk sirens
  An eleionoma skeleton (Crypt:3)
  A black mamba (Lair:4)
  A stone giant skeleton (Crypt:3)
  2 titan simulacra (Crypt:1)
  7 vault sentinels
  4 cane toads
  2 naga skeletons (Crypt:3)
  A hellion (Vaults:1)
  4 rime drakes
  A torpor snail (Spider:2)
  17 freezing wraiths
  3 nameless horrors
  An iron troll zombie (Crypt:3)
  A komodo dragon (Lair:5)
  6 yaktaurs
  An ice devil (Depths:1)
  A minotaur skeleton (Crypt:3)
  A swamp worm zombie (Crypt:2)
  A pale draconian skeleton (Crypt:1)
  An alligator snapping turtle skeleton (Crypt:3)
  A bunyip simulacrum (Crypt:1)
  3 trolls
  2 meliai (Spider:4)
  A hellwing (Depths:1)
  7 merfolk
  A blink frog (Lair:2)
  2 dream sheep (Shoals:2)
  A harpy skeleton (Crypt:3)
  A hornet (D:8)
  8 tarantellas
  3 wind drakes
  2 centaur simulacra (Crypt:1)
  A stone giant simulacrum (Vaults:4)
  3 jumping spiders
  10 slime creatures
  2 air elementals
  6 culicivoras
  4 snapping turtles
  5 water elementals
  13 flying skulls
  A merfolk skeleton (Crypt:3)
  An ettin skeleton (Crypt:3)
  4 wraiths (Crypt:1)
  A wyvern (Lair:3)
  11 yaks
  An alligator snapping turtle simulacrum (Crypt:1)
  15 redbacks
  2 chaos spawn (Depths:1)
  A yaktaur simulacrum (Vaults:3)
  A catoblepas simulacrum (Crypt:1)
  A vampire mosquito (D:7)
  A warg (Depths:1)
  3 harpy simulacra (Crypt:1)
  A merfolk zombie (Crypt:3)
  A cane toad zombie (Crypt:2)
  2 orc warriors (Depths:1)
  A water moccasin (Lair:5)
  An ice beast (D:8)
  A glowing shapeshifter skeleton (Vaults:3)
  A merfolk simulacrum (Crypt:1)
  A fire dragon simulacrum (Crypt:1)
  2 black mamba simulacra (Crypt:1)
  A wolf (Lair:4)
  A blink frog skeleton (Crypt:3)
  A bullfrog (D:8)
  2 naga simulacra (Crypt:1)
  A gnoll sergeant (D:10)
  5 wights
  4 orc priests
  2 ice beast zombies (Crypt:3)
  2 gnolls
  20 orcs
  A gnoll zombie (Crypt:3)
  A butterfly (Lair:2)
  A tentacle (Shoals:4)
708 creatures vanquished.

Vanquished Creatures (others)
  A golden dragon (Zot:4)
  An Orb Guardian (Zot:5)
  A quicksilver dragon (Zot:5)
  A tengu reaver (Vaults:5)
  A frost giant (Depths:2)
  A draconian scorcher (Zot:4)
  3 ghost moths
  2 vault wardens
  A draconian shifter (Zot:5)
  A draconian stormcaller (Zot:4)
  A demonspawn corrupter (WizLab)
  A spriggan defender (Depths:2)
  A stone giant (Depths:2)
  An ironbound thunderhulk (Vaults:1)
  2 yellow draconians
  A demonspawn black sun (WizLab)
  A purple draconian (Zot:5)
  3 red draconians (Zot:4)
  A white draconian (Zot:5)
  5 very ugly thing zombies
  2 ettins (Depths:2)
  A merfolk impaler (Shoals:4)
  An ice dragon (Depths:2)
  2 deep elf high priests
  2 yaktaur captains
  2 radroaches
  An Orb Guardian zombie (Zot:5)
  An ironbound frostheart (Vaults:5)
  A guardian serpent zombie (Shoals:1)
  2 boulder beetles
  A spriggan berserker (Depths:2)
  A hell knight (Vaults:5)
  A spark wasp zombie (Crypt:1)
  A death drake (Crypt:1)
  A ghost moth zombie (Spider:1)
  An orb spider (Spider:4)
  A death drake (shapeshifter) (Depths:2)
  An orc knight (Crypt:1)
  A harpy (Vaults:4)
  An ironbound convoker (Crypt:1)
  A broodmother zombie (Spider:4)
  A deep elf zephyrmancer (Crypt:1)
  A jorogumo zombie (Spider:3)
  A deep elf archer (Crypt:1)
  A frost giant zombie (Vaults:4)
  4 wolf spider zombies
  12 ugly thing zombies
  2 wolf spiders
  A cyclops (Crypt:1)
  2 demonspawn zombies (WizLab)
  7 moths of wrath
  A vault sentinel (Vaults:5)
  A cane toad (Lair:2)
  4 merfolk zombies (Shoals:4)
  A green draconian zombie (Zot:5)
  A komodo dragon (shapeshifter) (D:14)
  3 redback zombies
  A yaktaur (Crypt:1)
  9 harpy zombies
  A death drake zombie (Crypt:1)
  A mana viper zombie (WizLab)
  A merfolk (Shoals:4)
  2 moth of wrath zombies
  A hydra zombie (Lair:2)
  3 tarantellas (Spider:4)
  A polar bear (Lair:5)
  A troll (D:14)
  A radroach zombie (Spider:2)
  2 sun moth zombies
  3 jumping spider zombies
  4 tarantella zombies
  A great orb of eyes zombie (Vaults:3)
  5 culicivora zombies
  5 jumping spiders
  A satyr zombie (Shoals:3)
  2 slime creatures
  2 black mamba zombies
  A culicivora (Spider:2)
  2 yaks (Lair:5)
  8 slime creature zombies
  A wind drake zombie (Shoals:1)
  4 dancing weapons
  A redback (Spider:4)
  2 skyshark zombies
  4 faun zombies (Shoals:3)
  13 human zombies
  10 deep troll zombies
  A water nymph zombie (Shoals:3)
  2 cane toad zombies (Lair:2)
  4 entropy weaver zombies
  A water moccasin (Lair:2)
  4 elephant zombies
  A black bear (Lair:5)
  A manticore zombie (Shoals:3)
  9 elf zombies
  2 lindwurm zombies (Vaults:1)
  2 dream sheep zombies (Shoals:3)
  A komodo dragon zombie (D:14)
  2 vampire mosquito zombies (D:10)
  A torpor snail zombie (Spider:2)
  2 rime drake zombies
  A bullfrog (Lair:2)
  A wyvern zombie (D:14)
  2 yaktaur zombies
  A cyclops zombie (Shoals:3)
  2 water moccasin zombies
  A polar bear zombie (Lair:5)
  A troll zombie (D:14)
  13 yak zombies
  4 wolf zombies
  5 centaur zombies
  A basilisk zombie (Lair:5)
  A bullfrog zombie (Lair:2)
  An orc wizard (D:12)
  A killer bee zombie (D:11)
  An acid dragon zombie (Lair:5)
  2 steam dragon zombies (Lair:5)
  A swamp drake zombie (Lair:5)
  An orc (Orc:2)
  8 kobold zombies (Bailey)
  28 orc zombies
  7 demonic plants (Gauntlet)
  11 fungi
  162 plants
  4 starspawn tentacles (Shoals:4)
  22 tentacles (Shoals:4)
  62 withered plants
569 creatures vanquished.

Grand Total: 2515 creatures vanquished

Notes
Turn   | Place    | Note
-------+----------+-------------------------------------------
     0 | D:1      | Zeldest the Felid Enchanter began the quest for the Orb.
     0 | D:1      | Reached XP level 1. HP: 7/7 MP: 4/4
   129 | D:1      | Reached XP level 2. HP: 8/12 MP: 6/6
   250 | D:1      | Reached skill level 1 in Fighting
   301 | D:1      | Learned a level 2 spell: Ensorcelled Hibernation
   490 | D:1      | Reached XP level 3. HP: 11/15 MP: 5/7
   862 | D:2      | Reached skill level 5 in Hexes
   878 | D:2      | Found Usmaring's General Store.
  1966 | D:3      | Reached skill level 5 in Stealth
  1966 | D:3      | Reached skill level 1 in Ice Magic
  1966 | D:3      | Reached XP level 4. HP: 13/19 MP: 5/8
  2384 | D:3      | Learned a level 3 spell: Confusing Touch
  2693 | D:4      | Reached XP level 5. HP: 22/22 MP: 6/9
  2703 | D:4      | Reached skill level 3 in Dodging
  2813 | D:4      | Found a snail-covered altar of Cheibriados.
  3172 | D:4      | Learned a level 3 spell: Tukima's Dance
  3219 | D:4      | Reached skill level 1 in Fire Magic
  3219 | D:4      | Gained mutation: You are covered in thick fur. (AC +2)
                  | [Felid growth]
  3219 | D:4      | Reached XP level 6. HP: 26/26 MP: 4/10
  3392 | D:4      | Found a sacrificial altar of Ru.
  3620 | D:4      | Found an iron altar of Okawaru.
  3620 | D:4      | Found a broken altar of Ashenzari.
  3661 | D:5      | Entered Level 5 of the Dungeon
  3661 | D:5      | Found a staircase to the Ecumenical Temple.
  3669 | Temple   | Entered the Ecumenical Temple
  3701 | Temple   | Became a worshipper of Kikubaaqudgha
  3965 | D:5      | Found a sparkling altar of Nemelex Xobeh.
  4006 | D:5      | Found a burning altar of Makhleb.
  4053 | D:5      | Found a glowing silver altar of Zin.
  4098 | D:5      | Reached skill level 1 in Necromancy
  4234 | D:4      | Reached XP level 7. HP: 30/30 MP: 9/12
  4319 | D:5      | Reached skill level 1 in Air Magic
  4440 | D:5      | Found a hazy altar of Hepliaklqana.
  4637 | D:6      | Found a bloodstained altar of Trog.
  5192 | D:6      | Reached XP level 8. HP: 33/33 MP: 11/14
  5652 | D:6      | Reached * piety under Kikubaaqudgha
  5652 | D:6      | Received a gift from Kikubaaqudgha
  5671 | D:6      | Learned a level 3 spell: Vampiric Draining
  6085 | D:7      | Found a basalt altar of Yredelemnul.
  6091 | D:7      | Reached skill level 1 in Conjurations
  6142 | D:7      | Slain by a vampire mosquito
  6143 | D:7      | Reached XP level 7. HP: -5/30 MP: 14/14
  6184 | D:7      | Found Qeutwo Usamo's Fire Supplies.
  6465 | D:7      | Found a white marble altar of Elyvilon.
  6618 | D:7      | Killed a vampire mosquito
  6631 | D:7      | Killed a vampire mosquito
  6632 | D:7      | Reached XP level 8. HP: 33/33 MP: 11/15
  6653 | D:7      | Engulfed by a steam dragon's steam
  6654 | D:7      | Reached XP level 7. HP: -5/30 MP: 9/14
  7095 | D:7      | Killed a steam dragon
  7239 | D:7      | Learned a level 4 spell: Animate Dead
  7507 | D:8      | Reached XP level 8. HP: 24/33 MP: 2/16
  7635 | D:8      | Reached skill level 5 in Spellcasting
  7640 | D:8      | Noticed a rime drake
  7641 | D:8      | Noticed a polar bear
  7658 | D:8      | Killed a rime drake
  7660 | D:8      | Killed a polar bear
  7661 | D:8      | Reached skill level 5 in Necromancy
  7759 | D:8      | Reached ** piety under Kikubaaqudgha
  7815 | D:8      | Found a staircase to the Lair.
  7854 | D:8      | Noticed a hornet
  7862 | D:8      | Killed a hornet
  7863 | D:8      | Reached skill level 5 in Air Magic
  7863 | D:8      | Reached XP level 9. HP: 32/36 MP: 7/17
  7950 | D:8      | Found a stormy altar of Qazlal.
  8492 | D:9      | Reached skill level 5 in Unarmed Combat
  8492 | D:9      | Reached skill level 1 in Transmutations
  8542 | D:9      | Found an ornate altar of the Wu Jian Council.
  9246 | D:9      | Noticed Erica
  9269 | D:9      | Killed Erica
  9270 | D:9      | Reached skill level 5 in Transmutations
  9725 | D:10     | Entered Level 10 of the Dungeon
  9737 | D:10     | Found a flagged portal.
  9740 | D:10     | Noticed a gargoyle
  9773 | D:10     | Killed a gargoyle
  9809 | Bailey   | Entered a bailey
  9849 | Bailey   | Reached *** piety under Kikubaaqudgha
  9849 | Bailey   | Received a gift from Kikubaaqudgha
  9887 | Bailey   | Reached XP level 10. HP: 30/40 MP: 18/18
  9940 | Bailey   | Learned a level 5 spell: Borgnjor's Vile Clutch
 10005 | Bailey   | Reached skill level 1 in Earth Magic
 10115 | Bailey   | Found a burning altar of Makhleb.
 10135 | Bailey   | Identified the +4 trident of Puvaqeap {vamp, Str+3}
 10206 | D:10     | Noticed a two-headed ogre
 10213 | D:10     | Killed a two-headed ogre
 10496 | Lair:1   | Entered Level 1 of the Lair of Beasts
 10586 | Lair:1   | Noticed Prince Ribbit
 10600 | Lair:1   | Killed Prince Ribbit
 11451 | Lair:1   | Found the +18 Lear's hauberk
 11523 | Lair:1   | Noticed a black mamba
 11529 | Lair:1   | Killed a black mamba
 12239 | Lair:2   | Found a hole to the Spider Nest.
 12264 | Lair:2   | Noticed a five-headed hydra
 12459 | Lair:2   | Reached XP level 11. HP: 16/43 MP: 8/19
 12594 | Lair:2   | Killed a five-headed hydra
 12816 | Lair:2   | Noticed a lindwurm
 12827 | Lair:2   | Killed from afar by a lindwurm
 12828 | Lair:2   | Reached XP level 10. HP: 0/40 MP: 17/18
 12828 | Lair:2   | Killed a lindwurm
 12829 | Lair:2   | Reached skill level 5 in Earth Magic
 13393 | Lair:2   | Found a staircase to the Shoals.
 14064 | Lair:3   | Noticed a cane toad
 14073 | Lair:3   | Killed a cane toad
 14238 | Lair:3   | Reached XP level 11. HP: 43/43 MP: 16/19
 14987 | Lair:4   | Reached skill level 10 in Transmutations
 15084 | Lair:4   | Found a gate leading to a gauntlet.
 15125 | Gauntlet | Entered a Gauntlet
 15125 | Gauntlet | Found a runed translucent door.
 15125 | Gauntlet | Found a transporter.
 15125 | Gauntlet | Found a runed translucent door.
 15125 | Gauntlet | Found a transporter.
 15128 | Gauntlet | Noticed a fire crab
 15140 | Gauntlet | Found a transporter.
 15141 | Gauntlet | Noticed a large abomination
 15161 | Gauntlet | Found a transporter.
 15169 | Gauntlet | Found a transporter.
 15169 | Gauntlet | Found a transporter.
 15169 | Gauntlet | Found a transporter.
 15171 | Gauntlet | Found a transporter.
 15171 | Gauntlet | Found a transporter.
 15185 | Gauntlet | Noticed a six-headed hydra
 15191 | Gauntlet | Found a transporter.
 15199 | Gauntlet | Found a transporter.
 15202 | Gauntlet | Noticed a catoblepas
 15209 | Gauntlet | Found a transporter.
 15214 | Gauntlet | Noticed a death yak
 15214 | Gauntlet | Noticed a death yak
 15216 | Gauntlet | Noticed a death yak
 15221 | Gauntlet | Noticed a necromancer
 15223 | Gauntlet | Found a transporter.
 15243 | Gauntlet | Found a transporter.
 15356 | Lair:4   | Reached **** piety under Kikubaaqudgha
 15487 | Lair:4   | Learned a level 7 spell: Dragon Form
 15862 | Lair:4   | Found a transporter.
 16004 | Lair:4   | Found a transporter.
 16378 | Lair:5   | Entered Level 5 of the Lair of Beasts
 16437 | Lair:5   | Noticed a skyshark
 16440 | Lair:5   | Gained mutation: Your thick and shaggy fur keeps you warm.
                  | (AC +3, rC+) [Felid growth]
 16440 | Lair:5   | Reached XP level 12. HP: 49/49 MP: 5/21
 16599 | Lair:5   | Found a snail-covered altar of Cheibriados.
 16646 | Lair:5   | Reached skill level 5 in Fighting
 16738 | Lair:5   | Noticed a boulder beetle
 16746 | Lair:5   | Killed a boulder beetle
 16748 | Lair:5   | Found a viscous altar of Jiyva.
 16748 | Lair:5   | Found a staircase to the Slime Pits.
 17111 | Lair:5   | Noticed a fire dragon
 17122 | Lair:5   | Killed a fire dragon
 17616 | Lair:5   | Reached XP level 13. HP: 56/56 MP: 13/22
 17622 | Lair:5   | Reached skill level 10 in Unarmed Combat
 17751 | Lair:5   | Reached ***** piety under Kikubaaqudgha
 18308 | D:10     | Found a blossoming altar of Fedhas.
 18754 | D:11     | Found a staircase to the Orcish Mines.
 19034 | D:11     | Noticed a fire giant
 19077 | D:11     | Noticed a tengu reaver
 19087 | D:11     | Killed a tengu reaver
 19326 | D:11     | Noticed a fire dragon
 19331 | D:11     | Reached skill level 15 in Transmutations
 19334 | D:11     | Killed a fire dragon
 19346 | D:11     | Identified the +9 shortbow of the Spider {freeze, rF+ rN+
                  | Stlth+}
 19730 | D:11     | Reached skill level 4 in Dodging
 19911 | D:11     | Noticed Harold
 19918 | D:11     | Killed Harold
 19919 | D:11     | Reached XP level 14. HP: 63/63 MP: 13/25
 20296 | D:12     | Reached skill level 5 in Dodging
 20356 | D:12     | Noticed Kirke
 20409 | D:12     | Killed Kirke
 20433 | D:12     | You are sucked into a shaft and drop 1 floor!
 20512 | D:12     | Learned a level 5 spell: Irradiate
 20564 | D:12     | Reached skill level 6 in Dodging
 21126 | D:13     | Found a gate to the Vaults.
 21214 | D:13     | Noticed Sonja
 21222 | D:13     | Killed Sonja
 21223 | D:13     | Reached skill level 7 in Dodging
 21823 | D:14     | Reached ****** piety under Kikubaaqudgha
 22097 | D:14     | Reached skill level 8 in Dodging
 22178 | D:14     | Found Imeec's Weapon Emporium.
 22207 | D:14     | Noticed Rupert
 22229 | D:14     | Killed Rupert
 22230 | D:14     | Reached skill level 5 in Conjurations
 22391 | D:14     | Reached skill level 10 in Necromancy
 22562 | D:14     | Received a gift from Kikubaaqudgha
 22584 | D:15     | Entered Level 15 of the Dungeon
 22679 | D:15     | Found a staircase to the Depths.
 22690 | D:15     | Reached skill level 9 in Dodging
 23445 | Orc:1    | Entered Level 1 of the Orcish Mines
 23892 | Orc:2    | Entered Level 2 of the Orcish Mines
 24222 | Orc:2    | Found a staircase to the Elven Halls.
 24236 | Orc:2    | Noticed Urug
 24247 | Orc:2    | Reached XP level 15. HP: 68/68 MP: 24/28
 24250 | Orc:2    | Killed Urug
 24336 | Orc:2    | Found a radiant altar of Vehumet.
 24528 | Orc:2    | Reached skill level 10 in Dodging
 24575 | Orc:2    | Your ally Urug died
 24685 | Orc:2    | Found Fehueb's Armour Shoppe.
 24685 | Orc:2    | Found Mauntu Qiur's Book Shop.
 24687 | Orc:2    | Found Hywewnel's Armour Shoppe.
 24687 | Orc:2    | Found Xaijet's Armour Shop.
 24914 | Spider:1 | Entered Level 1 of the Spider Nest
 25115 | Spider:1 | Reached skill level 11 in Dodging
 25722 | Spider:1 | Reached skill level 12 in Dodging
 25728 | Spider:1 | Noticed an acid blob
 25735 | Spider:1 | Killed an acid blob
 25963 | Spider:2 | Noticed Asterion
 25967 | Spider:2 | Noticed an Executioner
 26142 | Spider:2 | Killed Asterion
 26143 | Spider:2 | Reached skill level 13 in Dodging
 26531 | Spider:2 | Reached skill level 14 in Dodging
 27015 | Spider:3 | Reached skill level 10 in Spellcasting
 27077 | Spider:3 | Reached skill level 15 in Dodging
 27343 | Spider:3 | Noticed Arachne
 27555 | Spider:3 | Reached skill level 10 in Fighting
 27835 | Spider:3 | Noticed an emperor scorpion
 27848 | Spider:3 | Killed an emperor scorpion
 27978 | Spider:3 | Killed Arachne
 27979 | Spider:3 | Reached XP level 16. HP: 73/73 MP: 19/31
 27986 | Spider:3 | Learned a level 6 spell: Death Channel
 28348 | Spider:4 | Entered Level 4 of the Spider Nest
 28440 | Spider:4 | Identified a scroll of acquirement
 28659 | Spider:4 | Acquired a book of Power
 28669 | Spider:4 | Learned a level 6 spell: Iron Shot
 28953 | Spider:4 | Reached skill level 1 in Summonings
 29395 | Spider:4 | Noticed Bai Suzhen
 29994 | Spider:4 | Killed Bai Suzhen
 30049 | Spider:4 | Reached skill level 5 in Summonings
 30276 | Spider:4 | Got a gossamer rune of Zot
 30616 | Shoals:1 | Entered Level 1 of the Shoals
 30616 | Shoals:1 | Noticed Aizul
 30628 | Shoals:1 | Killed Aizul
 30840 | Shoals:1 | Your ally Aizul died
 31090 | Shoals:1 | Noticed Nikola
 31106 | Shoals:1 | Killed Nikola
 31285 | Shoals:1 | Found Peduetau's Jewellery Boutique.
 31605 | Shoals:2 | Learned a level 7 spell: Spellforged Servitor
 31795 | Shoals:2 | Reached XP level 17. HP: 77/77 MP: 33/33
 31829 | Shoals:2 | Found a snail-covered altar of Cheibriados.
 32224 | Shoals:3 | Found Akircham's Assorted Antiques.
 32254 | Shoals:3 | Bought a wand of charming (4) for 384 gold pieces
 32254 | Shoals:3 | Bought a scroll of magic mapping for 300 gold pieces
 32457 | Shoals:3 | Found a runed translucent door.
 32702 | Shoals:3 | Reached skill level 10 in Conjurations
 33281 | Shoals:4 | Entered Level 4 of the Shoals
 33289 | Shoals:4 | Found Iruvvot's Book Shoppe.
 33299 | Shoals:4 | Found Faute's Distillery.
 33335 | Shoals:4 | Bought a potion of lignification for 33 gold pieces
 33335 | Shoals:4 | Bought a potion of curing for 33 gold pieces
 33335 | Shoals:4 | Bought a potion of haste for 110 gold pieces
 33335 | Shoals:4 | Bought 2 potions of curing for 66 gold pieces
 33335 | Shoals:4 | Bought a potion of mutation for 88 gold pieces
 33335 | Shoals:4 | Bought 2 potions of brilliance for 88 gold pieces
 33335 | Shoals:4 | Bought a potion of heal wounds for 55 gold pieces
 33724 | Shoals:4 | Found Beoxock's Weapon Shop.
 33734 | Shoals:4 | Noticed Donald
 33745 | Shoals:4 | Found Ojufis's Distillery.
 33745 | Shoals:4 | Killed Donald
 33805 | Shoals:4 | Bought a potion of heal wounds for 85 gold pieces
 33805 | Shoals:4 | Bought a potion of haste for 170 gold pieces
 33812 | Shoals:4 | Found Ufuteqag's General Store.
 33858 | Shoals:4 | Reached skill level 10 in Summonings
 34328 | Shoals:4 | Noticed a kraken
 35072 | Shoals:4 | Got a barnacled rune of Zot
 35101 | Shoals:4 | Noticed Mlioglotl
 35196 | Shoals:4 | Killed Mlioglotl
 35204 | Shoals:4 | Hit by a silver javelin thrown by a merfolk javelineer
 35205 | Shoals:4 | Reached XP level 16. HP: -4/109 MP: 17/32
 35709 | Shoals:4 | Noticed a kraken
 35723 | Shoals:4 | Killed a kraken
 36068 | Elf:1    | Entered Level 1 of the Elven Halls
 36149 | Elf:1    | Reached XP level 17. HP: 77/77 MP: 28/33
 36241 | Elf:1    | Paralysed by an air elemental for 1 turns
 36868 | Elf:1    | Found Nacuhuan's Weapon Boutique.
 36972 | Elf:1    | Noticed an Ice Fiend
 37269 | Elf:1    | Got the Precepts of the Commander
 37559 | Elf:1    | Paralysed by an air elemental for 1 turns
 37703 | Elf:2    | Found Cacoixio's Armour Shop.
 38233 | Elf:2    | Found a runed translucent gate.
 38233 | Elf:2    | Found a runed translucent gate.
 38234 | Elf:2    | Found a runed translucent gate.
 38720 | Elf:3    | Entered Level 3 of the Elven Halls
 39299 | Elf:3    | Paralysed by an air elemental for 1 turns
 39667 | Vaults:1 | Entered Level 1 of the Vaults
 40380 | Vaults:1 | Found a huge runed gate.
 40380 | Vaults:1 | Found a huge runed gate.
 40380 | Vaults:1 | Found a huge runed gate.
 40380 | Vaults:1 | Found a huge runed gate.
 40380 | Vaults:1 | Found a huge runed gate.
 40380 | Vaults:1 | Found a huge runed gate.
 40381 | Vaults:1 | Found a huge runed gate.
 40381 | Vaults:1 | Found a huge runed gate.
 40381 | Vaults:1 | Found a huge runed gate.
 40381 | Vaults:1 | Found a huge runed gate.
 40384 | Vaults:1 | Found a huge runed gate.
 40384 | Vaults:1 | Found a huge runed gate.
 40384 | Vaults:1 | Found a huge runed gate.
 40384 | Vaults:1 | Found a huge runed gate.
 40384 | Vaults:1 | Found a huge runed gate.
 40384 | Vaults:1 | Found a huge runed gate.
 40385 | Vaults:1 | Found a huge runed gate.
 40387 | Vaults:1 | Found a huge runed gate.
 40519 | Vaults:1 | Found a huge runed gate.
 40527 | Vaults:1 | Found a huge runed gate.
 40527 | Vaults:1 | Found a huge runed gate.
 40527 | Vaults:1 | Found a huge runed gate.
 40527 | Vaults:1 | Found a huge runed gate.
 40527 | Vaults:1 | Found a huge runed gate.
 40527 | Vaults:1 | Found a huge runed gate.
 40528 | Vaults:1 | Found a huge runed gate.
 40529 | Vaults:1 | Found a huge runed gate.
 40530 | Vaults:1 | Found a huge runed gate.
 40538 | Vaults:1 | Found a huge runed gate.
 40538 | Vaults:1 | Found a huge runed gate.
 40538 | Vaults:1 | Found a huge runed gate.
 40538 | Vaults:1 | Found a huge runed gate.
 40538 | Vaults:1 | Found a huge runed gate.
 40538 | Vaults:1 | Found a huge runed gate.
 40539 | Vaults:1 | Found a huge runed gate.
 40540 | Vaults:1 | Found a huge runed gate.
 41082 | Vaults:2 | Identified the +3 shortbow "Xadit" {flame, rCorr}
 41313 | Vaults:2 | Reached XP level 18. HP: 81/81 MP: 21/35
 41666 | Vaults:2 | Found a staircase to the Crypt.
 42522 | Vaults:2 | Found Heidag's Book Shoppe.
 42532 | Vaults:2 | Bought the Quarto of Moulding and Misfortune for 598 gold
                  | pieces
 42546 | Vaults:2 | Learned a level 6 spell: Statue Form
 43338 | Vaults:3 | Reached skill level 15 in Necromancy
 45392 | Vaults:4 | Reached XP level 19. HP: 87/87 MP: 31/37
 45455 | Vaults:4 | Found Deth's Book Shop.
 45833 | Vaults:4 | Found Novoty's Magic Scroll Shoppe.
 45854 | Vaults:4 | Bought a scroll of teleportation for 54 gold pieces
 45854 | Vaults:4 | Bought a scroll of teleportation for 54 gold pieces
 45854 | Vaults:4 | Bought a scroll of acquirement for 936 gold pieces
 45854 | Vaults:4 | Acquired 1058 gold pieces
 46921 | Vaults:4 | Found Etokkiffia's Magic Scroll Shop.
 46922 | Vaults:4 | Found Sosahyg's Book Shop.
 46929 | Vaults:4 | Bought a scroll of magic mapping for 157 gold pieces
 46931 | Vaults:4 | Bought a book of Armaments for 360 gold pieces
 47047 | Crypt:1  | Entered Level 1 of the Crypt
 47089 | Crypt:1  | Found a magical portal.
 47152 | Crypt:1  | Found an ancient bone altar of Kikubaaqudgha.
 47199 | WizLab   | Entered Yara's Duelist Academy
 47266 | WizLab   | Found the +5 demon whip "Spellbinder" {antimagic, disrupt,
                  | Will+}
 47351 | WizLab   | Noticed Vatitz
 47355 | WizLab   | Killed Vatitz the Head Instructor
 48221 | Crypt:1  | Learned a level 8 spell: Infestation
 48706 | Crypt:1  | Identified the +2 pair of gloves of the Vacuum {Str+5}
 48759 | Crypt:1  | Learned a level 7 spell: Haunt
 49086 | Crypt:2  | Noticed a dread lich
 49096 | Crypt:2  | Killed a dread lich
 49097 | Crypt:2  | Reached XP level 20. HP: 94/94 MP: 16/39
 49345 | Crypt:2  | Learned a level 8 spell: Summon Horrible Things
 49638 | Crypt:2  | Identified the +0 chain mail of Grace {Int+2}
 49880 | Crypt:3  | Entered Level 3 of the Crypt
 50298 | Crypt:3  | Reached skill level 15 in Spellcasting
 50307 | Crypt:3  | Learned a level 2 spell: Sublimation of Blood
 50330 | Crypt:3  | Found a staircase to the Tomb.
 50530 | Crypt:3  | Found a shimmering altar of Xom.
 50562 | Crypt:3  | Noticed a bone dragon
 50567 | Crypt:3  | Killed a bone dragon
 50755 | Crypt:3  | Noticed an ancient lich
 50766 | Crypt:3  | Killed an ancient lich
 50893 | Crypt:3  | Noticed a bone dragon
 50901 | Crypt:3  | Killed a bone dragon
 51037 | Crypt:3  | Identified the ring "Hahoim" {rN+ Str-4 Dex+3}
 51037 | Crypt:3  | Identified the ring of Sadinul {rElec rPois rF++ rN+}
 51237 | Crypt:3  | Identified the +1 spear of the Endless Expanse {heavy,
                  | Fragile rElec Int+5 Dex+2}
 51288 | Crypt:3  | Reached skill level 15 in Fighting
 52080 | Vaults:1 | Identified the +1 storm dragon scales of Veeth {rElec
                  | Int+3}
 52326 | Elf:3    | Reached XP level 21. HP: 98/100 MP: 13/41
 52331 | Elf:3    | Paralysed by an air elemental for 1 turns
 52351 | Elf:3    | Reached skill level 15 in Summonings
 52489 | Elf:3    | Identified the staff of death "Quruecot" {rPois rN+ rCorr}
 52492 | Elf:3    | Identified the +0 ring mail of Kowuxoq {Dex+3}
 52658 | Elf:3    | Identified the ring "Sulegida" {rN+ Will+ MP+9 SInv}
 52665 | Elf:3    | Reached skill level 1 in Evocations
 52973 | Elf:3    | Identified the +7 dagger of Laceration {drain, rPois rF-
                  | Int+2 Dex+2}
 52973 | Elf:3    | Identified the +0 robe of the Lily {Harm rElec Will+ Dex+2}
 52973 | Elf:3    | Identified the ring of Creativity {rCorr AC+4}
 53248 | Elf:3    | Identified the amulet "Ytrev" {RegenMP rPois Str+2 Int-3
                  | Dex+4}
 53318 | Elf:3    | Found the +1 cloak of Starlight {*Dazzle EV+4 Stlth--}
 53680 | Slime:1  | Entered Level 1 of the Pits of Slime
 53968 | Depths:1 | Entered Level 1 of the Depths
 53996 | Depths:1 | Found a one-way gateway to a ziggurat.
 53998 | Depths:1 | Noticed Saint Roka
 54004 | Depths:1 | HP: 3/132 [jiangshi[a vampire mage] (14)]
 54004 | Depths:1 | Mangled by a jiangshi
 54005 | Depths:1 | Reached XP level 20. HP: -11/127 MP: 6/40
 54095 | Depths:1 | Killed Saint Roka
 54155 | Depths:1 | Reached skill level 5 in Evocations
 54190 | Depths:1 | Found a one-way gate leading to the halls of Pandemonium.
 55011 | Depths:1 | Found a gateway to Hell.
 55730 | Depths:2 | You fall into a shaft and drop 1 floor!
 55748 | Depths:2 | Found a runed translucent gate.
 55749 | Depths:2 | Found a runed translucent gate.
 55750 | Depths:2 | Found a runed translucent gate.
 55751 | Depths:2 | Noticed Osilorir's ghost (veteran MfMo)
 55752 | Depths:2 | Noticed Roffer's ghost (adept DsGl)
 55752 | Depths:2 | Noticed Kiwen's ghost (master GrEE)
 55768 | Depths:2 | Killed from afar by Kiwen's ghost
 55769 | Depths:2 | Reached XP level 19. HP: -103/123 MP: 11/39
 55913 | Depths:3 | Got the Parchment of Electrocution and Shades
 56185 | Depths:2 | Found a runed translucent door.
 56411 | Depths:2 | Killed Osilorir's ghost
 56412 | Depths:2 | Reached XP level 20. HP: 99/99 MP: 3/40
 56947 | Vaults:5 | Entered Level 5 of the Vaults
 56956 | Vaults:5 | Reached skill level 16 in Dodging
 56962 | Vaults:5 | Reached skill level 10 in Evocations
 56969 | Vaults:5 | Reached skill level 17 in Dodging
 56972 | Vaults:5 | Noticed Margery
 56974 | Vaults:5 | Killed Margery
 56981 | Vaults:5 | Acquired 631 gold pieces
 56982 | Vaults:5 | Acquired the Volume of Poor Excuses
 57007 | Vaults:5 | HP: 3/100 [constriction (8)]
 57011 | Vaults:5 | Noticed Sojobo
 57076 | Vaults:5 | Identified the +9 morningstar "Gezi" {flame, Dex+2 Stlth+}
 57208 | Vaults:5 | Reached skill level 18 in Dodging
 57397 | Vaults:5 | Noticed a dread lich
 57405 | Vaults:5 | Killed a dread lich
 57781 | Vaults:5 | Identified the +7 glaive of Peace {venom, rN++}
 57782 | Vaults:5 | Reached skill level 19 in Dodging
 58380 | Vaults:5 | Noticed a dread lich
 58763 | Vaults:5 | Reached XP level 21. HP: 97/105 MP: 20/41
 58868 | Vaults:5 | Killed Sojobo
 59075 | Vaults:5 | Got a silver rune of Zot
 59268 | Vaults:5 | Reached skill level 20 in Dodging
 59384 | Vaults:5 | Acquired the Compendium of Fulmination
 59599 | Vaults:5 | Killed a dread lich
 60343 | Vaults:5 | Got the Elucidation of Niveous Kindling
 60629 | Depths:3 | Found a one-way gate to the infinite horrors of the Abyss.
 60769 | Depths:3 | Found Jitab's Assorted Antiques.
 60778 | Depths:3 | Bought a potion of heal wounds for 130 gold pieces
 60778 | Depths:3 | Bought a potion of curing for 78 gold pieces
 60778 | Depths:3 | Bought a wand of flame (13) for 236 gold pieces
 60778 | Depths:3 | Bought a scroll of fear for 104 gold pieces
 60778 | Depths:3 | Bought a potion of invisibility for 208 gold pieces
 60833 | Depths:3 | Reached skill level 21 in Dodging
 60871 | Depths:3 | Noticed a golden dragon
 60877 | Depths:3 | Killed a golden dragon
 61006 | Depths:4 | Entered Level 4 of the Depths
 61085 | Depths:4 | Found a glowing silver altar of Zin.
 61204 | Depths:4 | Noticed a juggernaut
 61208 | Depths:4 | Killed a juggernaut
 61450 | Depths:4 | Found a gate to the Realm of Zot.
 61492 | Depths:4 | Noticed a caustic shrike
 61495 | Depths:4 | Noticed a caustic shrike
 61496 | Depths:4 | Noticed a caustic shrike
 61497 | Depths:4 | Killed a caustic shrike
 61497 | Depths:4 | Noticed a caustic shrike
 61499 | Depths:4 | Noticed a caustic shrike
 61736 | Depths:4 | Noticed a caustic shrike
 61736 | Depths:4 | Noticed a caustic shrike
 61736 | Depths:4 | Noticed a caustic shrike
 61746 | Depths:4 | Noticed a caustic shrike
 61749 | Depths:4 | Killed a caustic shrike
 61750 | Depths:4 | Noticed a caustic shrike
 61752 | Depths:4 | Killed a caustic shrike
 61754 | Depths:4 | Killed a caustic shrike
 61755 | Depths:4 | Killed a caustic shrike
 61756 | Depths:4 | Killed a caustic shrike
 62000 | Depths:4 | Learned a level 4 spell: Animate Dead
 62016 | Zot:1    | Entered Level 1 of the Realm of Zot
 62196 | Zot:3    | Noticed Vv
 62208 | Zot:3    | Killed Vv
 62385 | Zot:4    | Noticed a golden dragon
 62392 | Zot:4    | Reached XP level 22. HP: 76/111 MP: 23/43
 62475 | Zot:5    | Entered Level 5 of the Realm of Zot
 62567 | Zot:5    | Noticed a Killer Klown
 62567 | Zot:5    | Noticed a dread lich
 62567 | Zot:5    | Noticed a Killer Klown
 62567 | Zot:5    | Noticed an orb of fire
 62567 | Zot:5    | Noticed a Killer Klown
 62570 | Zot:5    | Gained mutation: You sometimes lose your temper in combat.
                  | [an orb of fire]
 62570 | Zot:5    | Slain by a ghost moth
 62571 | Zot:5    | Reached XP level 21. HP: -5/106 MP: 35/51
 62571 | Zot:5    | Lost mutation: You sometimes lose your temper in combat.
                  | [potion of mutation]
 62571 | Zot:5    | Gained mutation: Your spells are a little harder to cast,
                  | but a little more powerful. [potion of mutation]
 62571 | Zot:5    | Gained mutation: Your flesh is cold resistant. (rC+)
                  | [potion of mutation]
 62572 | Zot:5    | Lost mutation: Your flesh is cold resistant. (rC+) [potion
                  | of mutation]
 62572 | Zot:5    | Lost mutation: Your spells are a little harder to cast, but
                  | a little more powerful. [potion of mutation]
 62572 | Zot:5    | Gained mutation: You are partially covered in iridescent
                  | scales. (AC +2) [potion of mutation]
 62572 | Zot:5    | Gained mutation: Your spells are a little harder to cast,
                  | but a little more powerful. [potion of mutation]
 62572 | Zot:5    | Gained mutation: You expend magic power (3 MP) to
                  | strengthen your wands. [potion of mutation]
 62572 | Zot:5    | Gained mutation: Your spells are harder to cast, but more
                  | powerful. [potion of mutation]
 62573 | Zot:5    | Lost mutation: You expend magic power (3 MP) to strengthen
                  | your wands. [potion of mutation]
 62573 | Zot:5    | Lost mutation: Your spells are harder to cast, but more
                  | powerful. [potion of mutation]
 62573 | Zot:5    | Lost mutation: You are partially covered in iridescent
                  | scales. (AC +2) [potion of mutation]
 62573 | Zot:5    | Gained mutation: You occasionally shout uncontrollably at
                  | your foes. [potion of mutation]
 62573 | Zot:5    | Gained mutation: You are robust. (+10% HP) [potion of
                  | mutation]
 62573 | Zot:5    | Gained mutation: You possess an exceptional clarity of
                  | mind. [potion of mutation]
 62604 | Zot:5    | Noticed a golden dragon
 62609 | Zot:5    | Noticed a curse toe
 62614 | Zot:5    | Killed a golden dragon
 62617 | Zot:5    | Killed a curse toe
 62906 | Zot:5    | Killed an orb of fire
 63247 | Zot:5    | Noticed a Killer Klown
 63267 | Zot:5    | Killed a Killer Klown
 63282 | Zot:5    | Killed a Killer Klown
 63428 | Zot:5    | Noticed a dread lich
 63434 | Zot:5    | Killed a dread lich
 63435 | Zot:5    | Killed a Killer Klown
 63440 | Zot:5    | Killed a Killer Klown
 63444 | Zot:5    | Noticed a Killer Klown
 63444 | Zot:5    | Noticed a Killer Klown
 63449 | Zot:5    | Killed a Killer Klown
 63449 | Zot:5    | Noticed an orb of fire
 63450 | Zot:5    | Lost mutation: Your spells are a little harder to cast, but
                  | a little more powerful. [an orb of fire]
 63452 | Zot:5    | Killed a Killer Klown
 63458 | Zot:5    | Killed an orb of fire
 63460 | Zot:5    | Noticed an ancient lich
 63466 | Zot:5    | Killed an ancient lich
 63504 | Zot:5    | Learned a level 8 spell: Borgnjor's Revivification
 63511 | Zot:5    | Learned a level 6 spell: Simulacrum
 63511 | Zot:5    | Got the Orb of Zot
 63517 | Zot:5    | Noticed Vimiotaz the pandemonium lord
 63675 | Depths:4 | Noticed a caustic shrike
 63675 | Depths:4 | Noticed a caustic shrike
 63675 | Depths:4 | Noticed a caustic shrike
 63675 | Depths:4 | Noticed a caustic shrike
 63675 | Depths:4 | Noticed a caustic shrike
 63675 | Depths:4 | Noticed a caustic shrike
 63675 | Depths:4 | Noticed a caustic shrike
 63675 | Depths:4 | Noticed a caustic shrike
 63675 | Depths:4 | Noticed a caustic shrike
 63697 | Depths:4 | Noticed Ditats the pandemonium lord
 63972 | D:9      | Noticed Finwub the pandemonium lord
 64235 | D:$      | Escaped with the Orb!

Illustrated notes

Levels and vault maps discovered:
D:1:      matt_arrival_grand_opening, layout_rooms,
          chequers_serial_rivers_room_b, solitary_fountain, serial_bayou_pond_c
D:2:      layout_loops_corners, serial_shops, nicolae_shop_trees
D:3:      layout_basic
D:4:      layout_basic, kennysheep_little_box, mainiacjoe_overflow_tiny_flanked,
          gammafunk_temple_overflow_wave
D:5:      layout_rooms, mainiacjoe_overflow_24_doors,
          lemuel_coloured_pillars_altar, lightli_temple_of_fire,
          kennysheep_mini_moat, minmay_temple_entry_mist
D:6:      layout_gridville, amcnicky_altar_gilded, roderic_serpentine_path
D:7:      layout_gridville, yredelemnul_altar_generic,
          mainiacjoe_overflow_alcove_1, nicolae_shop_fire_sale
          [nicolae_sub_dead_trees]
D:8:      layout_rooms, overflow_temple_1_default, hellmonk_lair_entry_icy
D:9:      layout_loops_corners, mainiacjoe_overflow_catwalk, uniq_erica
D:10:     layout_basic, lemuel_round_altar, enter_bailey_5,
          minmay_chambers_of_fives
D:11:     minmay_tile_spiral, layout_basic, minmay_orc_entry_temple_small,
          fountainhead, uniq_harold
D:12:     layout_irregular_city, uniq_kirke
D:13:     layout_loops_ring, david_vaults_5, portal_ice_cave_rime,
          nicolae_lava_and_water, minmay_misc_feat_pillars, minivault_4,
          uniq_sonja
D:14:     layout_roguey, serial_shops, nicolae_shop_bloodbath_and_beyond,
          minmay_misc_feat_rows, uniq_rupert
D:15:     gammafunk_depths_entry_grave, layout_long_grid,
          minmay_misc_feat_ornament
Temple:   nicolae_temple_ecumenical_triangle
Lair:1:   layout_layer_cave, lemuel_fruit_fields, infiniplex_staircase_pool,
          grunt_megastairs_1, uniq_prince_ribbit2
Lair:2:   layout_misc_corridors, elwin_shoals_entry_rooms,
          spider_nest_entry_web_field, lemuel_fruit_fields
Lair:3:   layout_layer_cave, nicolae_lair_grazing_beasts
          [nicolae_sub_lair_graze_edge, nicolae_sub_lair_graze_edge,
          nicolae_sub_lair_graze_edge, nicolae_sub_lair_graze_edge],
          lemuel_fruit_fields, infiniplex_staircase_pool_2
Lair:4:   gammafunk_cloud_chamber, layout_hall_layers, gauntlet_entry_generic,
          serial_bayou_shore_b, lemuel_fruit_fields
Lair:5:   hangedman_lair_in_review, layout_big_grid, guppyfry_lair_end_dragon,
          dpeg_slime_entry_enclosed, kennysheep_snail_temple
Shoals:1: layout_shoals, serial_shops, nicolae_lakefront_shop, uniq_nikola,
          uniq_aizul
Shoals:2: layout_shoals, lemuel_oklob_altar
Shoals:3: layout_shoals, serial_shops, nicolae_shop_stone, lightli_airlock
Shoals:4: shoals_end_grunt_ice, layout_shoals, serial_shops, shop_coins, shop,
          shop, nicolae_shop_statue_plus, nicolae_shop_behind_doors,
          uniq_mlioglotl, uniq_donald
Spider:1: layout_spider_delve, drop_trap, nicolae_spider_acid_house
Spider:2: layout_spider_delve, uniq_asterion
Spider:3: layout_spider_delve, nicolae_spider_checkerboard,
          nicolae_spider_cling_halls, uniq_arachne
Spider:4: hellmonk_spider_rune_endless_swarm, uniq_bai_suzhen
Slime:1:  layout_caves
Orc:1:    layout_caves, nicolae_orc_rockfall, mines2_david
Orc:2:    grunt_orc_tribal_feast, layout_diamond_mine, basic_altar, uniq_urug
Elf:1:    layout_loops_corners, serial_shops, nicolae_lakefront_shop,
          minmay_elf_demonology
Elf:2:    elven_hall_of_blades_hangedman_original [nooodl_blade_entry_preview],
          layout_geoelf_octagon, serial_shops, nicolae_shop_trees
Elf:3:    elf_hall_gauntlet_wide, layout_geoelf_grid,
          nicolae_elf_glass_and_crystal_pillar_1
Vaults:1: hangedman_vaults_corner_blocks, v_misc_3, not_door_vault_due,
          nicolae_vaults_little_squares_6, ontoclasm_vaults_ring_small,
          nicolae_vaults_shelves_hall, nicolae_vaults_shelves_hall,
          ontoclasm_vaults_fault, hangedman_vaults_stagger,
          ontoclasm_vaults_pinch, vaults_room_fancy_cross,
          layout_vaults_omnicross
Vaults:2: nicolae_vaults_shelves_hall, nicolae_vaults_network_star,
          vaults_room_pools, minmay_crypt_entry_simple_corners,
          nicolae_vaults_little_ls, hangedman_vaults_slice,
          nicolae_vaults_little_squares_3, v_alt_pattern_1,
          dpeg_vaults_monster_box, special_room_vaults [special_room_orc],
          vaults_dpeg_emergency_exit, layout_vaults_big_room, serial_shops,
          nicolae_shop_waterfront
Vaults:3: v_misc_9, vaults_mumra_chevron, vaults_dpeg_cross,
          hangedman_vaults_cutoff, v_pattern_4, ontoclasm_vaults_ring_small,
          ontoclasm_vaults_decontamination, vaults_dpeg_diagonal,
          layout_vaults_omnigrid
Vaults:4: v_rooms_5, st_spiral_rooms, vaults_dpeg_ring,
          nicolae_vaults_border_crossing, hangedman_vaults_snaps,
          hangedman_vaults_locks, ontoclasm_vaults_spin, vaults_dpeg_hooks,
          nicolae_vaults_yaktaur_gun_rack, grunt_vaults_focal,
          vaults_room_door_ring, serial_ice_b, layout_vaults_maze_snakey,
          serial_shops, nicolae_shop_statue_plus, nicolae_shop_behind_doors,
          shop, shop_fountains
Vaults:5: uniq_sojobo, uniq_margery
Crypt:1:  layout_misc_corridors, mu_enter_wizlab_5, lemuel_statue_altar,
          st_chilly_death
Crypt:2:  layout_chaotic_city, st_shrine_of_skulls
Crypt:3:  church_of_pain_bobbens, layout_chaotic_city
Depths:1: layout_forbidden_donut, enter_ziggurat_c, grunt_hell_entry_dis_mu,
          serial_bayou, serial_bayou_ford_a, serial_bayou_pond_d,
          serial_bayou_shore_b, serial_bayou_pond_d, serial_bayou_pond_a,
          rand_demon_pan_entry_3, drop_trap, dreamdust_wasp_nest,
          uniq_saint_roka
Depths:2: nzn_winding_woodlands_three_and_one [nzn_winding_woodlands_5x15_eye,
          nzn_winding_woodlands_5x15_sidewinder,
          nzn_winding_woodlands_5x15_pathside_ponds,
          nzn_winding_woodlands_center_garden], layout_cave_shapes, hell_entry,
          gammafunk_ghost_cemetery, rand_demon_pan_entry_4,
          lightli_giant_bouncers, minmay_staircase_statues
Depths:3: wander_protected_by_tso, layout_basic, serial_shops, shop,
          grunt_hell_horde, small_statue_intersection, abyss_entry,
          kiku_gazebo_garden_becter, uniq_josephina
Depths:4: grunt_twist_and_shout, layout_gridlike, pf_hell_entry_tar_spiral,
          roderic_malta_cross, hangedman_abyss_or_decor_jellyfish_corner,
          hangedman_decor_clover_reticule, zin_academy
Zot:1:    layout_gridville
Zot:2:    layout_onion_interference, gammafunk_ghost_crypt, grunt_ministairs_6
Zot:3:    minmay_elemental_castle, layout_misc_corridors, uniq_vv
Zot:4:    lemuel_firehouse, layout_cathedral_of_symmetry, st_stairs_7,
          lemuel_baited_zot_trap
Zot:5:    layout_misc_corridors

Skill      XL: |  1  2  3  4  5  6  7  8  9 10 11 12 13 14 15 16 17 18 19 20 21 |
---------------+----------------------------------------------------------------+-----
Fighting       | 1 2 4 6 8 9 10 11 13 17 18 | 18.4
Hexes          | 5 6 |  6.0
Stealth        | 5 6 |  6.0
Ice Magic      | 1 2 |  2.0
Unarmed Combat | 2 3 4 6 7 8 9 11 12 | 12.7
Dodging        | 3 4 9 15 19 21 | 21.6
Fire Magic     | 1 3 4 |  4.0
Necromancy     | 1 4 5 7 8 9 10 11 13 15 17 19 20 | 20.3
Spellcasting   | 3 5 6 8 10 11 12 13 14 15 19 | 19.0
Air Magic      | 3 5 |  5.1
Conjurations   | 2 4 5 8 11 | 11.1
Transmutations | 5 9 11 13 15 | 15.0
Earth Magic    | 5 |  5.1
Summonings     | 6 12 13 16 14 17 | 17.1
Evocations     | 9 12 4 | 12.0

Action                     |  1- 3 |  4- 6 |  7- 9 | 10-12 | 13-15 | 16-18 | 19-21 | 22-24 || total
---------------------------+-------+-------+-------+-------+-------+-------+-------+-------++-------
  Melee: Unarmed           |   140 |   124 |   310 |   266 |   628 |   627 |   571 |     9 ||  2675
         Bite              |    18 |    12 |    37 |    36 |    99 |    99 |   134 |     4 ||   439
         Punch             |     4 |     2 |    11 |    18 |    44 |    70 |    91 |       ||   240
         Tailslap          |       |       |       |    28 |   107 |    96 |     1 |       ||   232
   Cast: Ensorcelled Hiber |    11 |    24 |    73 |    56 |       |       |       |       ||   164
         Tukima's Dance    |       |       |    22 |       |       |       |       |       ||    22
         Confusing Touch   |       |       |    17 |    10 |       |       |       |       ||    27
         Vampiric Draining |       |       |     2 |    14 |       |       |       |       ||    16
         Animate Dead      |       |       |     5 |    12 |    30 |    28 |     9 |       ||    84
         Borgnjor's Vile C |       |       |       |    30 |    11 |   195 |   340 |     3 ||   579
         Dragon Form       |       |       |       |    12 |    70 |   116 |     1 |       ||   199
         Irradiate         |       |       |       |       |     5 |    14 |     1 |       ||    20
         Spellforged Servi |       |       |       |       |       |    62 |    65 |       ||   127
         Iron Shot         |       |       |       |       |       |    22 |     9 |       ||    31
         Death Channel     |       |       |       |       |       |     1 |       |       ||     1
         Statue Form       |       |       |       |       |       |    21 |   154 |     2 ||   177
         Infestation       |       |       |       |       |       |       |   111 |       ||   111
         Haunt             |       |       |       |       |       |       |   129 |     1 ||   130
         Summon Horrible T |       |       |       |       |       |       |    18 |       ||    18
 Invoke: Unearth Wretches  |       |       |       |     4 |     7 |     7 |    21 |       ||    39
         Receive Forbidden |       |       |       |       |     1 |       |       |       ||     1
Ability: Breathe Fire      |       |       |       |     4 |    21 |    29 |       |       ||    54
         End Transformatio |       |       |       |       |     1 |     3 |     9 |       ||    13
  Evoke: Wand              |       |       |     4 |     8 |     2 |     8 |    25 |       ||    47
         Condenser vane    |       |       |       |       |     1 |     1 |     3 |       ||     5
         Box of beasts     |       |       |       |       |       |       |     2 |       ||     2
         Phantom mirror    |       |       |       |       |       |       |     2 |       ||     2
         Lightning rod     |       |       |       |       |       |       |     3 |       ||     3
         Tin of tremorston |       |       |       |       |       |       |     1 |       ||     1
    Use: Potion            |     2 |       |     4 |     5 |     5 |    16 |    28 |     1 ||    61
         Scroll            |       |     5 |    16 |     5 |    15 |    11 |    45 |     2 ||    99
   Stab: Invisible         |     1 |       |     4 |       |       |     2 |     1 |       ||     8
         Sleeping          |    11 |    21 |    44 |    36 |     3 |     4 |     4 |       ||   123
         Distracted        |     1 |     1 |     4 |     5 |    14 |    17 |    22 |       ||    64
         Confused          |       |       |    15 |     7 |       |       |       |       ||    22
         Paralysed         |       |       |       |     2 |     3 |     1 |     4 |       ||    10
 Armour: Skin              |     7 |     4 |    31 |   100 |   324 |   230 |   307 |     9 ||  1012
  Dodge: Dodged            |   101 |    92 |   285 |   141 |   381 |   575 |  1279 |    36 ||  2890

Table legend: (Time is in decaauts)
 A = Elapsed time spent in this place.
 B = Non-inter-level travel time spent in this place.
 C = Inter-level travel time spent in this place.
 D = Time resting spent in this place.
 E = Time spent auto-exploring this place.
 F = Levels seen in this place.
 G = Mean time per level.
                   A        B        C        D        E       F      G
               +--------+--------+--------+--------+--------+-----+--------+
         Total |  62880 |  58977 |   3903 |  21394 |  18245 |  55 | 1143.3 |
       Dungeon |  14351 |  12911 |   1440 |   3027 |   6645 |  15 |  956.7 |
        Temple |    109 |     99 |     10 |     47 |     12 |   1 |  109.0 |
          Lair |   7291 |   6641 |    650 |   2142 |   2742 |   5 | 1458.2 |
        Shoals |   5183 |   4980 |    203 |   2305 |   1004 |   4 | 1295.8 |
   Spider Nest |   5116 |   4972 |    144 |   2295 |   1325 |   4 | 1279.0 |
    Slime Pits |      1 |      1 |      0 |      0 |      0 |   1 |    1.0 |
  Orcish Mines |   1252 |   1156 |     96 |    170 |    661 |   2 |  626.0 |
   Elven Halls |   4889 |   4639 |    250 |   2088 |   1075 |   3 | 1629.7 |
        Vaults |  12191 |  11414 |    777 |   4842 |   2511 |   5 | 2438.2 |
         Crypt |   4584 |   4346 |    238 |   1060 |   1339 |   3 | 1528.0 |
        Depths |   4709 |   4625 |     84 |   2093 |    668 |   4 | 1177.2 |
           Zot |   1850 |   1846 |      4 |    811 |     52 |   5 |  370.0 |
        Bailey |    344 |    344 |      0 |     93 |     34 |   1 |  344.0 |
        Wizlab |    868 |    868 |      0 |    409 |     76 |   1 |  868.0 |
      Gauntlet |    136 |    136 |      0 |      9 |     95 |   1 |  136.0 |
               +--------+--------+--------+--------+--------+-----+--------+

Top non-repeatable levels by time:
Vaults:4: 3247 daAuts
Vaults:5: 2866 daAuts
Vaults:3: 2376 daAuts
   Elf:3: 2197 daAuts
Shoals:4: 1980 daAuts
Vaults:2: 1964 daAuts
Spider:3: 1896 daAuts
 Crypt:3: 1824 daAuts
   Elf:1: 1794 daAuts
  Lair:5: 1752 daAuts
Vaults:1: 1737 daAuts
  Lair:1: 1660 daAuts
Depths:1: 1625 daAuts
Shoals:3: 1617 daAuts
 Crypt:2: 1609 daAuts
